 Dungeon Crawl Stone Soup version 0.29.1-2-gbd0b4ee654 (webtiles) character file.

Game seed: 15258809249347575418

11334 retardedninja the Severer (level 11, 0/97 HPs)
             Began as a Hill Orc Fighter on Nov 1, 2022.
             Was an Initiate of Gozag.
             Slain by a ten-headed hydra (5 damage)
             ... on level 1 of the Lair of Beasts.
             The game lasted 00:20:13 (14811 turns).

retardedninja the Severer (Hill Orc Fighter)       Turns: 14811, Time: 00:20:13

Health: 0/97       AC: 23    Str: 30    XL:     11   Next: 76%
Magic:  11/11      EV:  8    Int:  8    God:    Gozag
Gold:   325        SH:  5    Dex: 10    Spells: 10/10 levels left

rFire   . . .      SeeInvis .   a - +2 war axe
rCold   . . .      Faith    .   c - +0 buckler
rNeg    . . .      Spirit   .   p - +3 plate armour
rPois   .          Reflect  .   (no helmet)
rElec   .          Harm     .   (no cloak)
rCorr   .          Rampage  .   w - +0 pair of gloves
Will    .....      Clarity  +   (no boots)
Stlth   ..........              (no amulet)
HPRegen 0.26/turn               t - +4 ring of protection
MPRegen 0.12/turn               l - +6 ring of strength

@: no status effects
A: clarity, sense surroundings 1
a: Renounce Religion, Potion Petition, Call Merchant, Bribe Branch


You were on level 1 of the Lair of Beasts.
You worshipped Gozag.
Gozag was aware of your devotion.
You visited 3 branches of the dungeon, and saw 12 of its levels.
You also visited: Ossuary.

You collected 1809 gold pieces.
You spent 1080 gold pieces at shops.
You paid 404 gold pieces to Gozag.

Inventory:

Hand Weapons
 a - a +2 war axe (weapon)
Missiles
 j - 3 boomerangs of dispersal
 o - 22 boomerangs (quivered)
 I - 6 javelins
Armour
 c - a +0 buckler (worn)
 p - a +3 plate armour (worn)
 w - a +0 pair of gloves (worn)
Jewellery
 b - a ring of flight
 l - a +6 ring of strength (right hand)
 t - a +4 ring of protection (left hand)
 F - a ring of wizardry
Wands
 k - a wand of paralysis (1)
 s - a wand of roots (5)
 v - a wand of mindburst (15)
 B - a wand of flame (24)
Scrolls
 d - 2 scrolls of noise
 f - 4 scrolls of vulnerability
 h - 2 scrolls of amnesia
 u - a scroll of fog
 y - 2 scrolls of silence
 z - 2 scrolls of identify
 E - 2 scrolls of magic mapping
 H - 2 scrolls of poison
Potions
 e - 5 potions of curing
 g - a potion of flight
 i - 4 potions of attraction
 m - a potion of ambrosia
 q - a potion of degeneration
 r - 2 potions of mutation
 x - 3 potions of brilliance
 A - 3 potions of lignification
 G - a potion of magic {unknown}
Miscellaneous
 D - a condenser vane


   Skills:
 + Level 9.4 Fighting
 + Level 16.0 Axes
 + Level 2.6 Throwing
 + Level 10.6 Armour
 + Level 2.3 Dodging
 + Level 2.2 Stealth
 + Level 5.8 Shields


You had 10 spell levels left.
You didn't know any spells.
Your spell library contained the following spells:

 Spells                   Type           Power      Damage    Failure   Level
 Foxfire                  Conj/Fire      0%         2x1d4     98%         1
 Magic Dart               Conj           0%         1d3       98%         1
 Necrotise                Necr           0%         1d4       98%         1
 Sandblast                Erth           0%         2d4       98%         1
 Call Imp                 Summ           0%         N/A       99%         2
 Passwall                 Tmut/Erth      0%         N/A       99%         2
 Static Discharge         Conj/Air       0%         3-3/arc   99%         2
 Call Canine Familiar     Summ           0%         N/A       100%        3
 Conjure Flame            Conj/Fire      0%         6-21      100%        3
 Inner Flame              Hex/Fire       0%         N/A       100%        3
 Mephitic Cloud           Conj/Pois/Air  0%         N/A       100%        3
 Portal Projectile        Hex/Tloc       0%         N/A       100%        3
 Stone Arrow              Conj/Erth      0%         3d7       100%        3
 Vampiric Draining        Necr           0%         2d6       100%        3
 Airstrike                Air            0%         2d(0-16)  100%        4
 Flame Wave               Conj/Fire      0%         2d4       100%        4
 Hailstorm                Conj/Ice       0%         3d3       100%        4
 Ice Form                 Ice/Tmut       0%         N/A       100%        4
 Leda's Liquefaction      Hex/Erth       0%         N/A       100%        4
 Summon Lightning Spire   Summ/Air       0%         N/A       100%        4
 Agony                    Necr           0%         N/A       100%        5
 Lightning Bolt           Conj/Air       0%         1d11      100%        5
 Borgnjor's Revivificati  Necr           0%         N/A       100%        8
 Maxwell's Capacitive Co  Air            0%         ∞         100%        8
 Necromutation            Tmut/Necr      0%         N/A       100%        8
 Death's Door             Necr           0%         N/A       100%        9
 Simulacrum               Ice/Necr       Unusable   N/A       N/A         6

Dungeon Overview and Level Annotations

Branches:
Dungeon (10/15)            Temple (1/1) D:7            Lair (1/5) D:10
    Orc (0/2) D:10        Ossuary (visited)

Altars:
Ashenzari
Cheibriados
Dithmenos
Elyvilon
Fedhas
Gozag
Hepliaklqana
Kikubaaqudgha
Makhleb
Nemelex Xobeh
Okawaru
Qazlal
Ru
Sif Muna
Trog
Uskayaw
Vehumet
Wu Jian
Xom
Yredelemnul
Zin
The Shining One

Shops:
D:5 ?   D:7 :   D:10 *

Annotations:
D:4 1 runed translucent door, tizbic2's ghost, novice OgGl
D:6 2 transporters, zeram's ghost, novice HOFi
Temple 2 transporters


Innate Abilities, Weirdness & Mutations

You possess an exceptional clarity of mind.
You passively map a small area around you.


Message History

* * * LOW HITPOINT WARNING * * *
The ten-headed hydra bites you but does no damage.
The ten-headed hydra barely misses you.
The ten-headed hydra bites you but does no damage.
The ten-headed hydra bites you!
* * * LOW HITPOINT WARNING * * *
The ten-headed hydra bites you but does no damage. x2
You block the ten-headed hydra's attack.
The ten-headed hydra bites you but does no damage. x2
You feel much better.
You block the ten-headed hydra's attack.
The ten-headed hydra bites you but does no damage.
The ten-headed hydra bites you.
* * * LOW HITPOINT WARNING * * *
The ten-headed hydra bites you.
* * * LOW HITPOINT WARNING * * *
The ten-headed hydra bites you!
* * * LOW HITPOINT WARNING * * *
The ten-headed hydra bites you.
* * * LOW HITPOINT WARNING * * *
The ten-headed hydra bites you.
* * * LOW HITPOINT WARNING * * *
The ten-headed hydra bites you but does no damage. x2
The ten-headed hydra closely misses you.
Okay, then.
Blink to where?
Press: ? - help, Dir - move target
As you read the scroll of blinking, it crumbles to dust.
You feel better.
You feel better. The ten-headed hydra bites you!
* * * LOW HITPOINT WARNING * * *
The ten-headed hydra bites you but does no damage. x3
The ten-headed hydra bites you.
* * * LOW HITPOINT WARNING * * *
The ten-headed hydra bites you but does no damage.
The ten-headed hydra closely misses you.
You block the ten-headed hydra's attack.
The ten-headed hydra bites you.
You die...
Your body crumbles into a pile of gold.

, * #. #.##
.##...###
.......P#
##.......#
#........##
##.§.......#
#§§§.......#
##..D@.......
#.§..§.......* *
#§§.§§....... *
#§§§§.§...... ***
***#§§.§§§§......
, ,
......§§....... *
*
.####...........
* #* #...........
, ###......


You could see a ten-headed hydra.

Vanquished Creatures
  A hydra (Lair:1)
  A two-headed ogre (D:8)
  Pikel (D:5)
  Joseph (D:8)
  A kobold demonologist (D:10)
  A komodo dragon (D:10)
  Grinder (D:5)
  Sigmund (D:2)
  2 shadows (D:10)
  Grum (D:10)
  A wyvern (D:9)
  12 yaks
  A vampire (D:10)
  2 steam dragons
  3 water moccasins
  Duvessa (D:5)
  A hornet zombie (Ossuary)
  An ogre (D:7)
  3 orc warriors
  3 black bears
  4 wolves (D:10)
  2 phantoms
  8 kobold brigands
  6 bullfrogs
  4 scorpions
  3 elf skeletons (D:8)
  A wyvern zombie (Ossuary)
  A water moccasin zombie (Ossuary)
  4 wights (D:9)
  Dowan (D:5)
  12 killer bees
  4 howler monkeys
  3 bullfrog zombies (Ossuary)
  2 centaur zombies (Ossuary)
  5 jellies
  A gnoll bouda (D:5)
  2 hounds
  10 orc priests
  3 human skeletons (D:8)
  4 iguanas
  11 orc wizards
  3 killer bee zombies (Ossuary)
  19 mummies (Ossuary)
  8 gnolls
  4 adders
  A shadow imp (D:4)
  A white imp (D:7)
  2 ufetubi
  A worm (D:5)
  3 dart slugs
  52 orcs
  9 endoplasms
  6 giant cockroaches
  4 goblins
  4 hobgoblins
  6 jackals
  43 kobolds
  2 quokkas (D:4)
  6 ball pythons
  4 bats
  3 frilled lizards (D:3)
  8 rats
319 creatures vanquished.

Vanquished Creatures (others)
  79 fungi
  17 plants
  6 withered plants (Ossuary)
102 creatures vanquished.

Grand Total: 421 creatures vanquished

Notes
Turn   | Place    | Note
-------+----------+-------------------------------------------
     0 | D:1      | retardedninja the Hill Orc Fighter began the quest for the
                  | Orb.
     0 | D:1      | Reached XP level 1. HP: 19/19 MP: 1/1
   180 | D:1      | Reached XP level 2. HP: 27/27 MP: 2/2
   323 | D:1      | Reached skill level 3 in Axes
  1121 | D:2      | Found a faded altar of an unknown god.
  1153 | D:2      | Reached XP level 3. HP: 31/33 MP: 3/3
  1169 | D:2      | Noticed Sigmund
  1179 | D:2      | Killed Sigmund
  1180 | D:2      | Reached skill level 5 in Axes
  1180 | D:2      | Reached XP level 4. HP: 27/41 MP: 4/4
  1180 | D:2      | Reached XP level 5. HP: 30/47 MP: 5/5
  1398 | D:2      | Found a sacrificial altar of Ru.
  2121 | D:3      | Reached XP level 6. HP: 51/53 MP: 6/6
  2156 | D:3      | Found a white marble altar of Elyvilon.
  2225 | D:3      | Reached skill level 6 in Axes
  2888 | D:4      | Reached skill level 1 in Dodging
  2891 | D:4      | Reached skill level 7 in Axes
  2952 | D:4      | Reached XP level 7. HP: 53/60 MP: 7/7
  3279 | D:4      | Found a runed translucent door.
  3314 | D:4      | Reached skill level 5 in Armour
  3323 | D:4      | Reached skill level 5 in Fighting
  3501 | D:4      | Noticed tizbic2's ghost (novice OgGl)
  3570 | D:4      | Reached skill level 8 in Axes
  3796 | D:5      | Entered Level 5 of the Dungeon
  4014 | D:5      | Noticed Grinder
  4018 | D:5      | Gained mutation: You passively map a small area around you.
                  | [potion of mutation]
  4018 | D:5      | Gained mutation: You possess an exceptional clarity of
                  | mind. [potion of mutation]
  4039 | D:5      | Killed Grinder
  4040 | D:5      | Reached XP level 8. HP: 54/69 MP: 8/8
  4572 | D:5      | Reached skill level 9 in Axes
  4622 | D:5      | Found Hielieh's Magic Scroll Boutique.
  4643 | D:5      | Noticed Dowan
  4645 | D:5      | Noticed Pikel
  4671 | D:5      | Killed Pikel
  4672 | D:5      | Reached skill level 10 in Axes
  4677 | D:5      | Killed Dowan
  4798 | D:5      | Noticed Duvessa
  4808 | D:5      | HP: 2/70 [Duvessa/+0 rapier (7)]
  4811 | D:5      | Killed Duvessa
  4812 | D:5      | Reached XP level 9. HP: 26/75 MP: 9/9
  5153 | D:5      | Found a burning altar of Makhleb.
  5682 | D:6      | Reached skill level 11 in Axes
  6258 | D:6      | Found a transporter.
  6260 | D:6      | Noticed zeram's ghost (novice HOFi)
  6261 | D:6      | Identified the +6 great mace "Zeunoteg" {flame, rElec
                  | Str+7}
  6261 | D:6      | Noticed a two-headed ogre
  6268 | D:6      | Found a transporter.
  6308 | D:6      | Found a snail-covered altar of Cheibriados.
  6310 | D:6      | Found a shimmering blue altar of Sif Muna.
  7262 | D:6      | Reached skill level 1 in Stealth
  7630 | D:7      | Reached skill level 12 in Axes
  8211 | D:7      | Found Nynkib's Vocational Training.
  8243 | D:7      | Found a staircase to the Ecumenical Temple.
  8284 | Temple   | Entered the Ecumenical Temple
  8284 | Temple   | Found a transporter.
  8284 | Temple   | Found a transporter.
  8286 | Temple   | Found a transporter.
  8286 | Temple   | Found a transporter.
  8306 | Temple   | Became a worshipper of Gozag Ym Sagoz the Greedy
  8840 | D:8      | Found a sand-covered staircase.
  8848 | Ossuary  | Entered an ossuary
  8878 | Ossuary  | Reached XP level 10. HP: 85/86 MP: 10/10
  8934 | Ossuary  | Reached skill level 13 in Axes
  8951 | Ossuary  | Reached skill level 1 in Throwing
  9466 | D:8      | Found a glowing silver altar of Zin.
  9513 | D:8      | Noticed a two-headed ogre
  9530 | D:8      | Killed a two-headed ogre
  9531 | D:8      | Reached skill level 5 in Shields
  9798 | D:8      | Reached skill level 14 in Axes
 10198 | D:8      | Found a sparkling altar of Nemelex Xobeh.
 10223 | D:8      | Noticed Joseph
 10234 | D:8      | Killed Joseph
 11118 | D:9      | Reached XP level 11. HP: 92/95 MP: 11/11
 11120 | D:9      | Reached skill level 15 in Axes
 11125 | D:9      | Reached skill level 10 in Armour
 11809 | D:10     | Entered Level 10 of the Dungeon
 11826 | D:10     | Found Zerphocw's Assorted Antiques.
 11855 | D:10     | Found a basalt altar of Yredelemnul.
 11902 | D:10     | Noticed Grum
 11943 | D:10     | Killed Grum
 13447 | D:10     | Bought a condenser vane for 1080 gold pieces
 14008 | D:10     | Found a staircase to the Lair.
 14161 | D:10     | Found a staircase to the Orcish Mines.
 14321 | Lair:1   | Entered Level 1 of the Lair of Beasts
 14321 | Lair:1   | Noticed an eight-headed hydra
 14337 | Lair:1   | Killed a 15-headed hydra
 14338 | Lair:1   | Reached skill level 16 in Axes
 14537 | Lair:1   | Noticed a six-headed hydra
 14808 | Lair:1   | HP: 4/97 [ten-headed hydra (6)]
 14811 | Lair:1   | Slain by a ten-headed hydra

Illustrated notes

Levels and vault maps discovered:
D:1:      co_arrival_two_rings, layout_loops_corners
D:2:      layout_loops_ring, basic_altar, shapermc_ecumenical_altar_gd,
          uniq_sigmund
D:3:      layout_rooms, general_overflow_altar, minivault_24,
          kennysheep_generic_room_15
D:4:      minmay_inner_zag, layout_cave_pools, ebering_ghost_reflecting_pool,
          chequers_serial_rivers_micro_d
D:5:      layout_basic, mainiacjoe_overflow_alcove_4, serial_shops, shop_statue,
          uniq_duvessa, uniq_grinder, uniq_pikel
D:6:      layout_basic, mainiacjoe_overflow_catch_the_wave,
          gammafunk_ghost_smash, abandoned_shop
D:7:      layout_loops_ring, minmay_temple_entry_offerings,
          nicolae_shop_vocational
D:8:      layout_loops_ring, mainiacjoe_overflow_big_doors,
          nicolae_ossuary_entry_catacombs, uniq_joseph
D:9:      layout_irregular_city
D:10:     layout_irregular_city, overflow_temple_1_default,
          grunt_lair_entry_orc_guard_hut, hiddenorc1_lemuel, serial_shops, shop,
          uniq_grum
Temple:   hellmonk_temple_divided_pantheon
Lair:1:   layout_cave_pods

Skill      XL: |  1  2  3  4  5  6  7  8  9 10 11 |
---------------+----------------------------------+-----
Axes           | 3 5 7 8 10 12 14 16 | 16.0
Fighting       | 4 5 6 7 8 9 |  9.4
Armour         | 4 5 6 8 9 10 | 10.6
Dodging        | 1 2 |  2.3
Shields        | 4 5 |  5.8
Stealth        | 1 2 |  2.2
Throwing       | 2 |  2.6

Action                   |  1- 3 |  4- 6 |  7- 9 | 10-12 || total
-------------------------+-------+-------+-------+-------++-------
Melee: War axe           |    51 |   128 |   364 |   450 ||   993
Throw: Boomerang         |       |       |    10 |    61 ||    71
Invok: Potion Petition   |       |       |       |     1 ||     1
  Use: Potion            |     1 |       |     5 |    13 ||    19
       Scroll            |       |       |    16 |    13 ||    29
 Stab: Invisible         |       |       |     7 |       ||     7
       Distracted        |       |       |       |     2 ||     2
Armor: Scale mail        |    19 |    21 |       |       ||    40
       Plate armour      |       |    52 |   241 |   307 ||   600
       Skin              |       |       |       |    42 ||    42
Dodge: Dodged            |    32 |    48 |   132 |   176 ||   388
Block: Buckler           |    11 |    18 |    78 |   106 ||   213
